 Dungeon Crawl Stone Soup version 0.27-a0-1181-g5f64966fcc (webtiles) character file.

Game seed: 59794004594193131

797 leviel the Chopper (level 7, -2/62 HPs)
             Began as a Minotaur Fighter on May 17, 2021.
             Splashed by a jelly's acid (7 damage)
             ... on level 5 of the Dungeon.
             The game lasted 00:03:54 (5852 turns).

leviel the Chopper (Minotaur Fighter)               Turns: 5852, Time: 00:03:56

Health: -2/62      AC: -4    Str: 23    XL:     7   Next: 58%
Magic:  6/6        EV:  8    Int:  5    God:
Gold:   276        SH: 10    Dex:  9    Spells: 6/6 levels left

rFire    . . .     SeeInvis .   a - +0 war axe
rCold    . . .     Faith    .   c - +0 kite shield
rNeg     . . .     Spirit   .   b - +0 scale mail
rPois    .         Reflect  .   (helmet restricted)
rElec    .         Harm     .   (no cloak)
rCorr    .         Rampage  .   (no gloves)
Will     .....                  (no boots)
Stlth    ..........             (no amulet)
HPRegen  0.20/turn              (no ring)
MPRegen  0.10/turn              (no ring)

@: corroded
A: horns 2, retaliatory headbutt
a: no special abilities


You were on level 5 of the Dungeon.
You visited 1 branch of the dungeon, and saw 5 of its levels.
You also visited: Sewer.

You collected 276 gold pieces.

Inventory:

Hand Weapons
 a - a +0 war axe (weapon)
Armour
 b - a +0 scale mail (worn)
 c - a +0 kite shield (worn)
Jewellery
 g - a ring of wizardry
 j - a +6 ring of dexterity
 p - a ring of flight
Wands
 u - a wand of charming (4)
 v - a wand of polymorph (10)
Scrolls
 e - a scroll of enchant armour {unknown}
 f - 3 scrolls of magic mapping {unknown}
 l - a scroll of brand weapon {unknown}
 m - 6 scrolls of teleportation {unknown}
 q - 2 scrolls of fear {unknown}
 t - 2 scrolls of identify {unknown}
Potions
 d - 3 potions of might
 h - 3 potions of brilliance {unknown}
 i - 5 potions of curing {unknown}
 k - a potion of attraction {unknown}
 n - a potion of haste {unknown}
 o - a potion of lignification {unknown}
 r - 2 potions of magic {unknown}
 s - 2 potions of flight {unknown}


   Skills:
 + Level 5.9 Fighting
 * Level 6.8 Axes
 + Level 5.8 Armour
 + Level 5.8 Shields


You had 6 spell levels left.
You didn't know any spells.
Your spell library contained the following spells:

 Spells                   Type           Power      Damage    Failure   Level
 Animate Skeleton         Necr           0%         N/A       99%         1
 Pain                     Necr           0%         1d4       99%         1
 Summon Small Mammal      Summ           0%         N/A       99%         1
 Call Imp                 Summ           0%         N/A       99%         2
 Call Canine Familiar     Summ           0%         N/A       100%        3
 Summon Guardian Golem    Hex/Summ       0%         N/A       100%        3
 Vampiric Draining        Necr           0%         2d6       100%        3
 Animate Dead             Necr           0%         N/A       100%        4
 Summon Ice Beast         Ice/Summ       0%         N/A       100%        4
 Summon Lightning Spire   Summ/Air       0%         N/A       100%        4
 Agony                    Necr           0%         N/A       100%        5


Dungeon Overview and Level Annotations

Branches:
Dungeon (5/15)              Sewer (visited)
 Temple: D:4-7

Altars:
Gozag


Innate Abilities, Weirdness & Mutations

You have a pair of horns on your head.
You reflexively headbutt those who attack you in melee.


Message History

You closely miss the iguana.
The iguana is almost dead.
You hit the jelly. The acid corrodes you!
Your hands burn!
Your shield and scale mail prevent you from hitting the adder.
The adder closely misses you. You furiously retaliate!
You headbutt the adder, but do no damage.
You block the jelly's attack. The iguana bites you.
You closely miss the iguana.
The iguana is almost dead.
You slash the adder!
You kill the adder!
You hit the jelly. The acid corrodes you!
Your hands burn!
You block the iguana's attack. The jelly closely misses you.
The iguana barely misses you. The jelly hits you. The acid corrodes you!
You are splashed with acid!
You hit the iguana.
You headbutt the iguana, but do no damage.
The iguana is almost dead.
You slash the jelly!
Your hands burn!
The jelly hits you.
You are splashed with acid!
The iguana bites you.
You are too injured to fight recklessly!
You are too injured to fight recklessly!
Unknown command.
You are too injured to fight recklessly!
You barely miss the iguana.
You headbutt the iguana, but do no damage.
The iguana is almost dead.
You hit the jelly.
Your hands burn!
You block the jelly's attack. You block the iguana's attack.
The jelly hits you. The acid corrodes you!
You are splashed with acid!
* * * LOW HITPOINT WARNING * * *
The iguana closely misses you.
You hit the jelly.
Your hands burn!
* * * LOW HITPOINT WARNING * * *
The jelly is almost dead.
You hit the iguana but do no damage. You block the iguana's attack.
The jelly hits you.
* * * LOW HITPOINT WARNING * * *
You are splashed with acid!
You die...

....... ....... .......
....... ....... ...
.......## ... ......Jl#
.... #.....†@## .....
###### ######...##$$$..
#.....
######...#.$_$...##.....
.....'...'..............
######...####### #.....
..........# #.....
##..#####.#########.....
## #...........#..#
+...#######.#..#


You could see an iguana and a jelly.

Vanquished Creatures
  A water moccasin (D:5)
  An ogre (D:4)
  2 kobold brigands (Sewer)
  A phantom (D:4)
  A scorpion (D:5)
  An orc priest (D:4)
  2 iguanas (D:4)
  A hound skeleton (D:5)
  7 adders
  3 gnolls (D:3)
  A river rat (Sewer)
  A white imp (D:5)
  2 ufetubi (D:5)
  An adder skeleton (D:4)
  6 worms
  2 dart slugs
  6 orcs
  5 bats
  4 endoplasms
  4 giant cockroaches
  12 goblins
  13 hobgoblins
  3 jackals (D:4)
  11 kobolds
  5 quokkas
  10 ball pythons
  3 frilled lizards
  6 rats
115 creatures vanquished.

Notes
Turn   | Place    | Note
-------+----------+-------------------------------------------
     0 | D:1      | leviel the Minotaur Fighter began the quest for the Orb.
     0 | D:1      | Reached XP level 1. HP: 19/19 MP: 0/0
   102 | D:1      | Found a faded altar of an unknown god.
   293 | D:1      | Reached XP level 2. HP: 27/27 MP: 1/1
   750 | D:1      | Reached skill level 3 in Axes
  1126 | D:2      | Reached XP level 3. HP: 17/33 MP: 2/2
  2153 | D:3      | Reached XP level 4. HP: 40/40 MP: 3/3
  2500 | D:3      | Reached skill level 4 in Axes
  2639 | D:3      | Found a glowing drain.
  2667 | Sewer    | Entered a sewer
  2748 | Sewer    | Reached XP level 5. HP: 12/47 MP: 4/4
  3462 | Sewer    | Reached skill level 5 in Axes
  3462 | Sewer    | Reached XP level 6. HP: 44/55 MP: 5/5
  3980 | D:4      | Reached skill level 5 in Fighting
  3980 | D:4      | Reached skill level 5 in Armour
  3980 | D:4      | Reached skill level 5 in Shields
  4610 | D:4      | Reached skill level 6 in Axes
  4618 | D:4      | Reached XP level 7. HP: 37/61 MP: 6/6
  5380 | D:5      | Entered Level 5 of the Dungeon
  5814 | D:5      | Found an opulent altar of Gozag.
  5852 | D:5      | Splashed by a jelly's acid

Illustrated notes

Levels and vault maps discovered:
D:1:      minmay_arrival_semitransparent, layout_basic,
          shapermc_ecumenical_altar_mp_urbaneastern
D:2:      layout_loops_cross, corner_web_ring
D:3:      cheibrodos_greedy_goblins, layout_loops_ring,
          cheibrodos_sewer_entry_bend
D:4:      layout_loops_ring, serial_forest, infiniplex_forest_end_1,
          infiniplex_forest_end_2, infiniplex_forest_lined_room_2,
          infiniplex_forest_straight_4, infiniplex_forest_clump_small,
          infiniplex_forest_end_1, infiniplex_forest_straight_3,
          infiniplex_forest_end_2
D:5:      layout_basic, nicolae_gozag_seed_capital,
          gammafunk_temple_overflow_elements, temple_doors_ab,
          minmay_misc_feat_room, st_stairs_14, dk_noncrumbling_3,
          minmay_diced_spiral

Skill      XL: |  1  2  3  4  5  6 |
---------------+-------------------+-----
Axes           | 3 4 5 6 |  6.8
Fighting       | 4 5 |  5.9
Armour         | 4 5 |  5.8
Shields        | 4 5 |  5.8

Action                   |  1- 3 |  4- 6 |  7- 9 || total
-------------------------+-------+-------+-------++-------
Melee: War axe           |   110 |   184 |    40 ||   334
       Headbutt          |    17 |    22 |     5 ||    44
Armor: Scale mail        |    59 |    56 |    12 ||   127
Dodge: Dodged            |    34 |    40 |    21 ||    95
Block: Kite shield       |    65 |    97 |    24 ||   186

Table legend: (Time is in decaauts)
 A = Elapsed time spent in this place.
 B = Non-inter-level travel time spent in this place.
 C = Inter-level travel time spent in this place.
 D = Time resting spent in this place.
 E = Time spent auto-exploring this place.
 F = Levels seen in this place.
 G = Mean time per level.
                   A        B        C        D        E       F      G
               +--------+--------+--------+--------+--------+-----+--------+
         Total |   6095 |   5960 |    135 |    555 |   4567 |   6 | 1015.8 |
       Dungeon |   5019 |   4884 |    135 |    331 |   3918 |   5 | 1003.8 |
         Sewer |   1075 |   1075 |      0 |    224 |    649 |   1 | 1075.0 |
               +--------+--------+--------+--------+--------+-----+--------+

Top non-repeatable levels by time:
     D:4: 1451 daAuts
   Sewer: 1075 daAuts
     D:2: 1074 daAuts
     D:1: 1072 daAuts
     D:3: 938 daAuts
     D:5: 482 daAuts
